 Dungeon Crawl Stone Soup version 0.22.0-60-ga52c2fcf6e (webtiles) character file.

3349 Jannitor the Gusty (level 9, -7/61 HPs)
             Began as a Demonspawn Air Elementalist on Sept 9, 2018.
             Was a Believer of Kikubaaqudgha.
             Hit by a large rock thrown by a cyclops (23 damage)
             ... on level 8 of the Dungeon.
             The game lasted 00:32:54 (14898 turns).

Jannitor the Gusty (Demonspawn Air Elementalist)   Turns: 14898, Time: 00:32:54

Health: -7/61      AC: 14    Str: 11    XL:     9   Next: 72%
Magic:  13/13      EV:  9    Int: 19    God:    Kikubaaqudgha [**....]
Gold:   320        SH:  0    Dex: 12    Spells: 2/13 levels left

rFire    + . .     SeeInvis .   e - +1 short sword (flame)
rCold    . . .     Gourm    .   (no shield)
rNeg     . . .     Faith    .   L - +6 scale mail of the Frog {rF+ Dex-2 Slay+6}
rPois    .         Spirit   .   (helmet restricted)
rElec    .         Reflect  .   (no cloak)
rCorr    .         Harm     .   r - +0 pair of gloves
MR       .....                  (no boots)
Stlth    ..........             (no amulet)
HPRegen  0.20/turn              (no ring)
MPRegen  0.13/turn              (no ring)

@: no status effects
A: horns 1, talons 1, clever 1, foul stench 1, rot immunity
a: Receive Corpses, Renounce Religion


You were on level 8 of the Dungeon.
You worshipped Kikubaaqudgha.
Kikubaaqudgha was pleased with you.
You were not hungry.

You visited 2 branches of the dungeon, and saw 9 of its levels.

You collected 320 gold pieces.

Inventory:

Hand Weapons
 b - a +0 spear
 e - a +1 short sword of flaming (weapon)
 t - a +0 blowgun
 x - a +0 short sword of speed
 K - the +3 mace "Beastslayer" {protect, -Tele MR+ Str+6}
   (You found it on level 6 of the Dungeon)

   It protects the one who uses it against injury (+AC on strike).
   It affects your strength (+6).
   It affects your resistance to hostile enchantments.
   It prevents most forms of teleportation.
Missiles
 p - 2 javelins (quivered)
 u - 7 poisoned needles
 J - 5 curare-tipped needles
Armour
 a - a +0 robe
 r - a +0 pair of gloves (worn)
 G - a +1 robe of magic resistance
 I - a +0 robe of magic resistance
 L - the +6 scale mail of the Frog (worn) {rF+ Dex-2 Slay+6}
   (You took it off an orc warrior on level 7 of the Dungeon)

   It affects your dexterity (-2).
   It affects your accuracy and damage with ranged weapons and melee attacks
   (+6).
   It protects you from fire.
Wands
 d - a wand of random effects (2)
 s - a wand of flame (13)
 w - a wand of paralysis (15)
 y - a wand of iceblast (11)
 H - a wand of clouds (9)
Scrolls
 f - a scroll of remove curse
 g - 3 scrolls of fear
 h - a scroll of amnesia
 j - a scroll of fog
 k - 2 scrolls of teleportation
 l - 2 scrolls of immolation
 m - 2 scrolls of magic mapping
 n - 2 scrolls of identify
 o - 2 scrolls of enchant weapon
 v - a scroll of enchant armour {unknown}
Potions
 z - a potion of mutation
 A - 2 potions of lignification {unknown}
 B - 4 potions of curing {unknown}
 C - a potion of ambrosia
 D - a potion of haste
 E - a potion of degeneration {unknown}
 F - a potion of brilliance
Comestibles
 c - 7 rations


   Skills:
 + Level 1.9 Fighting
 + Level 5.9 Short Blades
 * Level 3.3 Armour
 - Level 1.9 Dodging
 - Level 1.9 Stealth
 + Level 2.8 Spellcasting
 - Level 7.0 Conjurations
 + Level 3.8 Necromancy
 - Level 7.0 Air Magic
 * Level 2.4 Evocations


You had 2 spell levels left.
You knew the following spells:

 Your Spells              Type           Power        Failure   Level  Hunger
a - Shock                 Conj/Air       ####         4%          1    None
b - Swiftness             Chrm/Air       ###.....     30%         2    ##.....
c - Airstrike             Air            ####......   43%         4    ####...
d - Static Discharge      Conj/Air       ####....     14%         3    ###....
e - Pain                  Necr           ###.         19%         1    None

Your spell library contained the following spells:

 Spells                   Type           Power        Failure   Level  Hunger
 Corpse Rot               Necr           N/A          26%         2    ##.....
 Sublimation of Blood     Necr           ###.......   26%         2    ##.....
 Corona                   Hex            #......      65%         1    None
 Ensorcelled Hibernation  Hex/Ice        #.....       78%         2    ##.....
 Dazzling Spray           Conj/Hex       ###...       52%         3    ###....
 Regeneration             Chrm/Necr      #.........   75%         3    ###....
 Lightning Bolt           Conj/Air       ####......   80%         5    ######.
 Confuse                  Hex            #.......     95%         3    ###....
 Tukima's Dance           Hex            #.......     95%         3    ###....


Dungeon Overview and Level Annotations

Branches:
Dungeon (8/15)             Temple (1/1) D:5
   Lair: D:8-11

Altars:
Ashenzari
Cheibriados
Dithmenos
Elyvilon
Fedhas
Gozag
Kikubaaqudgha
Makhleb
Nemelex Xobeh
Okawaru
Qazlal
Ru
Sif Muna
Trog
Uskayaw
Vehumet
Wu Jian
Yredelemnul
Zin
The Shining One


Innate Abilities, Weirdness & Mutations

You have sharp toenails.
You may emit foul miasma when damaged in melee.
You are immune to rotting.
You have a pair of small horns on your head.
Your mind is acute. (Int +2)


Message History

(D) Dungeon (T) Temple
Where to? (Enter - D:7, ? - help)
Things that are here:
the +2 leather armour of Vehumet's Envy {rC++ rN+} the +2 ring mail of Disappointment {rF- Int+10 Dex-2} a trident You see here a club.
There is a stone staircase leading down here.
You climb downwards.
There is a stone staircase leading up here.
The cyclops throws a large rock.
The large rock hits you!
You see here a large rock.
A cyclops is nearby!
The cyclops throws a large rock.
The large rock hits you!!
Ouch! That really hurt!
* * * LOW HITPOINT WARNING * * *
You see here a large rock.
The cyclops throws a large rock.
The large rock hits you!!
You die...
Kikubaaqudgha rasps: "You have failed me!
Welcome... death!"

#.# .... #... .... #.####..#
####### .....#.#.....# #....<#
..... ...##..###@###############
.....##...#....(.######........##
......#...#....................+.
......#...#...#####............##
......))..#...# #....._......'.
>.###.#.......# ####.........#.
#.#..C..#.# #.........#.
#.#..##.#.# #######'###.
#.#.......# ###.###.


You could see a cyclops.

Vanquished Creatures
  Sigmund (D:3)
  Menkaure (D:5)
  A water moccasin (D:6)
  Duvessa (D:6)
  3 ice beasts (D:6)
  A sky beast (D:4)
  3 phantoms
  An orc warrior (D:7)
  A black bear (D:7)
  3 centaurs
  5 bullfrogs
  2 scorpions
  Dowan (D:6)
  4 wights (D:7)
  A howler monkey (D:6)
  4 crimson imps
  A centaur zombie (D:8)
  3 hounds
  A jelly (D:6)
  A centaur skeleton (D:7)
  8 orc wizards
  2 bullfrog skeletons (D:6)
  Jessica (D:3)
  3 iguanas
  10 worker ants
  A killer bee zombie (D:6)
  A hound skeleton (D:5)
  2 howler monkey skeletons
  6 adders
  2 shadow imps
  An ooze (D:1)
  2 adder skeletons
  4 worms
  3 leopard geckos
  19 orcs
  4 giant cockroaches
  6 hobgoblins
  5 jackals
  A quokka (D:5)
  4 ball pythons
  7 bats
  6 frilled lizards
  8 goblins
  A jackal skeleton (D:6)
  7 kobolds
  5 rats
158 creatures vanquished.

Notes
Turn   | Place    | Note
-------+----------+-------------------------------------------
     0 | D:1      | Jannitor the Demonspawn Air Elementalist began the quest
                  | for the Orb.
     0 | D:1      | Reached XP level 1. HP: 13/13 MP: 3/3
   319 | D:1      | Gained mutation: You are immune to rotting. [demonic
                  | ancestry]
   319 | D:1      | Reached XP level 2. HP: 12/19 MP: 5/5
  1201 | D:1      | Learned a level 2 spell: Swiftness
  1368 | D:2      | Gained mutation: You have sharp toenails. [demonic
                  | ancestry]
  1368 | D:2      | Reached XP level 3. HP: 22/24 MP: 1/6
  2223 | D:2      | Found a sparkling altar of Nemelex Xobeh.
  2559 | D:3      | Reached XP level 4. HP: 16/30 MP: 0/7
  3064 | D:3      | Noticed Jessica
  3106 | D:3      | Gained mutation: You have a pair of small horns on your
                  | head. [potion of mutation]
  3106 | D:3      | Gained mutation: You are frail. (-10% HP) [potion of
                  | mutation]
  3106 | D:3      | Lost mutation: You are frail. (-10% HP) [potion of
                  | mutation]
  3106 | D:3      | Gained mutation: Your mind is acute. (Int +2) [potion of
                  | mutation]
  3111 | D:3      | Killed Jessica
  3572 | D:3      | Noticed Sigmund
  4390 | D:4      | Noticed a phantom
  4828 | D:3      | Learned a level 4 spell: Airstrike
  5103 | D:4      | Gained mutation: You may emit foul miasma when damaged in
                  | melee. [demonic ancestry]
  5103 | D:4      | Reached XP level 5. HP: 19/35 MP: 2/8
  5541 | D:4      | Found a deep blue altar of Sif Muna.
  5587 | D:4      | Reached skill level 1 in Short Blades
  6281 | D:4      | Reached XP level 6. HP: 39/41 MP: 6/9
  6726 | D:5      | Entered Level 5 of the Dungeon
  6734 | D:5      | Got a polished leather armour
  6754 | D:4      | Identified the +2 leather armour of Vehumet's Envy {rC++
                  | rN+} (You found it on level 5 of the Dungeon)
  6837 | D:5      | Noticed a sky beast
  7301 | D:4      | Killed a sky beast
  7425 | D:5      | Found a staircase to the Ecumenical Temple.
  7439 | D:5      | Upgraded the game from 0.22.0-49-gab54619674 to
                  | 0.22.0-60-ga52c2fcf6e
  7446 | Temple   | Entered the Ecumenical Temple
  7530 | Temple   | Became a worshipper of Kikubaaqudgha
  7786 | D:5      | You fall through a shaft for 2 floors!
  7870 | D:6      | Reached skill level 5 in Air Magic
  7870 | D:6      | Reached XP level 7. HP: 22/46 MP: 5/10
  8245 | D:6      | Reached skill level 5 in Conjurations
  8296 | D:6      | Noticed Duvessa
  8677 | D:7      | Learned a level 3 spell: Static Discharge
  9065 | D:6      | Reached XP level 8. HP: 34/52 MP: 0/11
  9310 | D:6      | Found a sacrificial altar of Ru.
  9310 | D:6      | Found a basalt altar of Yredelemnul.
  9313 | D:6      | Found a stormy altar of Qazlal.
  9329 | D:6      | Got a heavily runed ring mail
  9348 | D:6      | Identified the +2 ring mail of Disappointment {rF- Int+10
                  | Dex-2} (You found it on level 6 of the Dungeon)
  9991 | D:5      | Reached * piety under Kikubaaqudgha
  9991 | D:5      | Identified Kikubaaqudgha's Handbook of Stolen Souls
                  | (Kikubaaqudgha gifted it to you on level 5 of the Dungeon)
  9991 | D:5      | Received a gift from Kikubaaqudgha
  9999 | D:5      | Learned a level 1 spell: Pain
 10042 | D:5      | Noticed Menkaure
 10462 | D:5      | Reached skill level 1 in Armour
 10547 | D:4      | Reached skill level 1 in Necromancy
 10865 | D:5      | Reached skill level 5 in Short Blades
 10947 | D:5      | Killed Menkaure
 11209 | D:5      | Reached XP level 9. HP: 57/57 MP: 12/12
 12029 | D:5      | Found a snail-covered altar of Cheibriados.
 13482 | D:7      | Reached ** piety under Kikubaaqudgha
 13644 | D:8      | Found a bloodstained altar of Trog.
 13716 | D:8      | Noticed a cyclops
 13748 | D:7      | Reached skill level 1 in Fighting
 13785 | D:7      | Reached skill level 1 in Evocations
 14033 | D:3      | Killed Sigmund
 14325 | D:6      | Found a sacrificial altar of Ru.
 14325 | D:6      | Found a basalt altar of Yredelemnul.
 14328 | D:6      | Found a stormy altar of Qazlal.
 14380 | D:6      | Noticed Dowan
 14396 | D:6      | Killed Dowan
 14398 | D:6      | Killed Duvessa
 14840 | D:6      | Got a twisted mace
 14841 | D:6      | Identified the cursed +3 mace "Beastslayer" {protect, -Tele
                  | MR+ Str+6} (You found it on level 6 of the Dungeon)
 14863 | D:7      | Got a faintly humming scale mail
 14864 | D:7      | Identified the +6 scale mail of the Frog {rF+ Dex-2 Slay+6}
                  | (You took it off an orc warrior on level 7 of the Dungeon)
 14898 | D:8      | Hit by a large rock thrown by a cyclops

Skill      XL: |  1  2  3  4  5  6  7  8  9 |
---------------+----------------------------+-----
Air Magic      | 3 4 5 6 7 |  7.0
Conjurations   | 2 3 4 5 6 7 |  7.0
Short Blades   | 1 2 4 5 |  5.9
Armour         | 1 3 |  3.3
Necromancy     | 2 3 |  3.8
Fighting       | 1 |  1.9
Evocations     | 2 |  2.4
Dodging        | |  1.9
Stealth        | |  1.9
Spellcasting   | |  2.8

Action                   |  1- 3 |  4- 6 |  7- 9 || total
-------------------------+-------+-------+-------++-------
Melee: Spear             |    54 |    42 |       ||    96
       Short sword       |    33 |    41 |   196 ||   270
       Kick              |     4 |    11 |    46 ||    61
       Headbutt          |       |     9 |    25 ||    34
 Fire: Blowgun           |       |    27 |    24 ||    51
Throw: Tomahawk          |       |       |     2 ||     2
 Cast: Shock             |    48 |    43 |    90 ||   181
       Swiftness         |       |     1 |       ||     1
       Static Discharge  |       |       |    11 ||    11
       Airstrike         |       |       |    14 ||    14
Evoke: Wand              |       |    13 |    13 ||    26
  Use: Potion            |       |     6 |     1 ||     7
       Scroll            |       |       |    10 ||    10
 Stab: Sleeping          |     3 |     2 |     1 ||     6
       Paralysed         |       |       |     5 ||     5
       Distracted        |       |       |     1 ||     1
  Eat: Chunk             |     6 |     9 |    21 ||    36
       Ration            |       |     2 |     2 ||     4
Armor: Robe              |    20 |    13 |       ||    33
       Leather armour    |       |    13 |    27 ||    40
       Ring mail         |       |       |    94 ||    94
Dodge: Dodged            |    78 |    91 |   139 ||   308
